 Dungeon Crawl Stone Soup version bcrawl-1.21 (webtiles) character file.

Game seed: 1161332798045963946

2109 Freyura the Basher (level 9, 78/78 HPs)
             Began as a Minotaur Fighter on Feb 9, 2020.
             Got out of the dungeon alive.
             The game lasted 00:09:12 (4549 turns).

Freyura the Basher (Minotaur Fighter)               Turns: 4549, Time: 00:09:12

Health: 78/78      AC:  9    Str: 20    XL:     9   Next: 7%
Magic:  8/8        EV: 11    Int:  5    God:
Gold:   379        SH: 11    Dex: 14    Spells: 8/8 levels left

rFire    . . .     SeeInvis .   s - +0 morningstar
rCold    . . .     Gourm    .   c - +0 shield
rNeg     . . .     Faith    .   b - +0 scale mail
rPois    .         Spirit   .   (helmet restricted)
rElec    .         Reflect  .   i - scarf {stasis}
rCorr    +         Harm     .   u - +0 pair of gloves
MR       .....                  (no boots)
Stlth    ..........             q - amulet of the acrobat
HPRegen  0.23/turn              k - ring of resist corrosion
MPRegen  0.11/turn              (no ring)

@: no status effects
A: retaliatory headbutt, horns 2
a: no special abilities


You escaped.
You were not hungry.

You visited 2 branches of the dungeon, and saw 6 of its levels.

You collected 379 gold pieces.

Inventory:

Hand Weapons
 a - a +2 flail
 s - a +0 morningstar (weapon)
Armour
 b - a +0 scale mail (worn)
 c - a +0 shield (worn)
 i - a scarf of stasis (worn)
 u - a +0 pair of gloves (worn)
Jewellery
 k - a ring of resist corrosion (left hand)
 q - an amulet of the acrobat (around neck)
 r - an uncursed ring of magical power {unknown}
Wands
 x - a wand of polymorph (7)
Scrolls
 g - 2 scrolls of remove curse
 l - 2 scrolls of identify
 o - 2 scrolls of magic mapping
 v - 3 scrolls of teleportation
Potions
 d - 4 potions of might
 f - a potion of haste {unknown}
 h - 5 potions of flight
 j - a potion of resistance
 m - 3 potions of mutation {unknown}
 n - a potion of curing {unknown}
 p - a potion of brilliance {unknown}
 t - a potion of lignification {unknown}
 w - a potion of berserk rage {unknown}
Comestibles
 e - 5 rations {!d}


   Skills:
 + Level 6.8 Fighting
 * Level 8.7 Maces & Flails
 + Level 6.8 Armour
 + Level 5.1 Dodging
 + Level 6.9 Shields


You had 8 spell levels left.
You didn't know any spells.
Your spell library contained the following spells:

 Spells                   Type           Power        Failure   Level  Hunger
 Apportation              Tloc           #.....       98%         1    ##.....
 Infusion                 Chrm           #.......     98%         1    ##.....
 Sandblast                Erth           #.....       98%         1    ##.....
 Slow                     Hex            #.......     98%         1    ##.....
 Summon Butterflies       Summ           #.......     98%         1    ##.....


Dungeon Overview and Level Annotations

Branches:
Dungeon (5/12)             Temple (1/1) D:4

Altars:
Ashenzari
Cheibriados
Dithmenos
Elyvilon
Fedhas
Gozag
Hepliaklqana
Kikubaaqudgha
Lugonu
Makhleb
Nemelex Xobeh
Okawaru
Qazlal
Ru
Sif Muna
Trog
Uskayaw
Vehumet
Wu Jian
Xom
Yredelemnul
Zin
The Shining One


Innate Abilities, Weirdness & Mutations

You reflexively headbutt those who attack you in melee.
You have a pair of horns on your head.


Message History

a +0 whip; 164 stones; a +0 leather armour; an orc corpse You are feeling hungry.
You eat one of the 6 rations {!d}.
That ration really hit the spot!
(D) Dungeon (T) Temple
Where to? (Enter - D:1, ? - help)
There is a stone staircase leading up here.
You climb upwards.
There is a stone staircase leading down here.
There is a stone staircase leading up here.
You climb upwards.
There is a stone staircase leading down here.
There is a stone staircase leading up here.
You climb upwards.
There is a stone staircase leading down here.
There is a stone staircase leading up here.
You climb upwards.
There is a stone staircase leading down here.
There is a staircase leading out of the dungeon here.
Are you sure you want to leave the Dungeon?
This will make you lose the game!
You have escaped!

...........#..#...#..#
#....##....#..#...#..#
..............#...#..#
..............#...#..#
..............#...#..##
#....#........#...#...#
#....##...##..#...#####
..............#...#
#....###..##..#.@.#
#....###..##..#########
#.....................#
..............#########
##..####..###.# ####
#### ###


There were no monsters in sight!

Vanquished Creatures
  Pikel (D:4)
  Grinder (D:3)
  Sigmund (D:3)
  Edmund (D:5)
  A crocodile (D:4)
  Duvessa (D:5)
  2 sky beasts
  A slave (D:4)
  3 ogres (D:5)
  A centaur (D:4)
  Dowan (D:5)
  2 orc priests
  A centaur skeleton (D:4)
  A hound (D:3)
  A bullfrog skeleton (D:5)
  Ijyb (D:5)
  3 orc wizards
  A killer bee zombie (D:5)
  2 hound skeletons (D:4)
  An adder (D:3)
  A shadow imp (D:5)
  An ooze (D:3)
  3 worms
  3 dart slugs
  6 leopard geckos
  11 orcs
  7 bats
  5 goblins
  8 hobgoblins
  9 jackals
  4 kobolds
  4 quokkas
  A frilled lizard (D:1)
  A leopard gecko skeleton (D:5)
  2 rats
93 creatures vanquished.

Notes
Turn   | Place    | Note
-------+----------+-------------------------------------------
     0 | D:1      | Freyura the Minotaur Fighter began the quest for the Orb.
     0 | D:1      | Reached XP level 1. HP: 19/19 MP: 0/0
   161 | D:1      | Reached XP level 2. HP: 27/27 MP: 1/1
   330 | D:1      | Reached skill level 3 in Maces & Flails
   802 | D:2      | Reached skill level 1 in Dodging
   810 | D:2      | Reached XP level 3. HP: 32/33 MP: 2/2
  1199 | D:3      | Noticed Sigmund
  1462 | D:3      | Killed Sigmund
  1462 | D:3      | Reached skill level 4 in Maces & Flails
  1462 | D:3      | Reached XP level 4. HP: 34/41 MP: 3/3
  1462 | D:3      | Reached XP level 5. HP: 40/47 MP: 4/4
  1664 | D:3      | Noticed Grinder
  1676 | D:3      | Killed Grinder
  1676 | D:3      | Reached skill level 5 in Maces & Flails
  1676 | D:3      | Reached skill level 5 in Armour
  1676 | D:3      | Reached XP level 6. HP: 10/55 MP: 5/5
  1680 | D:3      | Reached skill level 5 in Shields
  1971 | D:3      | Reached skill level 5 in Fighting
  2001 | D:3      | Noticed a sky beast
  2007 | D:3      | Killed a sky beast
  2007 | D:3      | Reached XP level 7. HP: 61/61 MP: 6/6
  2158 | D:3      | Found an iron altar of Okawaru.
  2172 | D:3      | Reached skill level 6 in Maces & Flails
  2866 | D:4      | Found a glowing golden altar of the Shining One.
  2867 | D:4      | Found a corrupted altar of Lugonu.
  2874 | D:4      | Found a staircase to the Ecumenical Temple.
  2899 | Temple   | Entered the Ecumenical Temple
  3394 | D:4      | Noticed Pikel
  3413 | D:4      | Killed Pikel
  3413 | D:4      | Reached skill level 7 in Maces & Flails
  3413 | D:4      | Reached XP level 8. HP: 33/70 MP: 7/7
  3693 | D:5      | Entered Level 5 of the Dungeon
  3728 | D:5      | Noticed Dowan
  3729 | D:5      | Noticed Duvessa
  3746 | D:5      | Killed Duvessa
  3746 | D:5      | Reached skill level 8 in Maces & Flails
  3748 | D:5      | Killed Dowan
  3998 | D:5      | Noticed Ijyb
  4008 | D:5      | Killed Ijyb
  4142 | D:5      | Reached skill level 5 in Dodging
  4142 | D:5      | Reached XP level 9. HP: 47/78 MP: 8/8
  4302 | D:5      | Noticed Edmund
  4309 | D:5      | Killed Edmund
  4549 | D:$      | Got out of the dungeon alive.

Skill      XL: |  1  2  3  4  5  6  7  8 |
---------------+-------------------------+-----
Maces & Flails | 3 4 5 7 8 |  8.7
Dodging        | 1 2 3 4 5 |  5.1
Fighting       | 4 5 6 |  6.8
Shields        | 4 5 6 |  6.9
Armour         | 4 5 6 |  6.8

Action                   |  1- 3 |  4- 6 |  7- 9 || total
-------------------------+-------+-------+-------++-------
Melee: Flail             |    65 |       |       ||    65
       Headbutt          |     6 |    12 |    41 ||    59
       Morningstar       |     6 |    48 |   163 ||   217
       Unarmed           |       |       |     1 ||     1
  Use: Scroll            |     4 |       |     5 ||     9
  Eat: Chunk             |     1 |       |     3 ||     4
       Ration            |     1 |       |     2 ||     3
Armor: Scale mail        |    37 |    11 |    57 ||   105
Dodge: Dodged            |    28 |    22 |    70 ||   120
Block: Shield            |    30 |    25 |    79 ||   134
